 Dungeon Crawl Stone Soup version 0.30-a0-777-ga9a30cbeda (webtiles) character file.

Game seed: 14816478644584344133

238614 Flugslaktarn the Warrior (level 19, -14/187 HPs)
             Began as a Hill Orc Fighter on Feb 13, 2023.
             Was a High Priest of Okawaru.
             Killed from afar by a smoke demon (22 damage)
             ... with a ball of steam
             ... summoned by a deep elf demonologist
             ... on level 1 of the Vaults.
             The game lasted 00:22:20 (35679 turns).

Flugslaktarn the Warrior (Hill Orc Fighter)        Turns: 35679, Time: 00:22:21

Health: -14/187    AC: 45    Str: 25    XL:     19   Next: 27%
Magic:  27/27      EV: 12    Int: 11    God:    Okawaru [*****.]
Gold:   4398       SH: 20    Dex: 12    Spells: 18/18 levels left

rFire   . . .      SeeInvis .    I - +3 broad axe (flame)
rCold   . . .      Faith    .    M - +1 kite shield {AC+3}
rNeg    + . .      Spirit   .    L - +6 plate armour "Fegays" {Will++}
rPois   +          Reflect  +    S - +2 helmet {Int+3}
rElec   .          Harm     .    R - +2 cloak {Will+}
rCorr   .          Rampage  .    O - +2 pair of gloves
Will    ++++.                    e - +0 pair of boots "Bafy" {rPois rN+} Stlth
                                 E - amulet of reflection
HPRegen 0.51/turn                p - +4 ring of protection
MPRegen 0.20/turn                v - +5 ring of evasion

@: about to teleport
A: no striking features
}: 2/15 runes: decaying, serpentine
a: Renounce Religion, Heroism, Finesse, Duel


You were on level 1 of the Vaults.
You worshipped Okawaru.
Okawaru was extremely pleased with you.
You visited 7 branches of the dungeon, and saw 32 of its levels.
You also visited: Ice Cave and Volcano.

You collected 4975 gold pieces.
You spent 577 gold pieces at shops.

Inventory:

Hand Weapons
 j - a +3 broad axe of draining
   (You took it off Maggie on level 7 of the Dungeon)
 I - a +3 broad axe of flaming (weapon)
   (Okawaru gifted it to you on level 4 of the Snake Pit)
Missiles
 N - a throwing net (quivered)
Armour
 e - the +0 pair of boots "Bafy" (worn) {rPois rN+}
   (Okawaru gifted it to you on level 13 of the Dungeon)

   rPois:     It protects you from poison.
   rN:        It protects you from negative energy.
 J - a +2 kite shield of cold resistance
   (You found it in an ice cave)
 L - the +6 plate armour "Fegays" (worn) {Will++}
   (Okawaru gifted it to you on level 5 of the Lair of Beasts)

   Will:      It greatly increases your willpower.
 M - a +1 kite shield of protection (worn)
   (You took it off a naga warrior on level 4 of the Snake Pit)
 O - a +2 pair of gloves (worn)
   (You found it in an ice cave)
 R - a +2 cloak of willpower (worn)
   (You bought it in a shop on level 2 of the Orcish Mines)
 S - a +2 helmet of intelligence (worn)
   (You found it on level 15 of the Dungeon)
Jewellery
 c - a ring of protection from cold
   (You found it on level 1 of the Lair of Beasts)
 f - a ring of protection from fire
   (You found it on level 3 of the Lair of Beasts)
 i - a ring of see invisible
   (You found it on level 1 of the Dungeon)
 o - a ring of poison resistance
   (You found it on level 8 of the Dungeon)
 p - a +4 ring of protection (left hand)
   (You found it on level 2 of the Swamp)
 v - a +5 ring of evasion (right hand)
   (You found it on level 8 of the Dungeon)
 E - an amulet of reflection (around neck)
   (You found it on level 10 of the Dungeon)
Wands
 g - a wand of digging (15)
   (You found it on level 12 of the Dungeon)
 P - a wand of roots (14)
   (You found it on level 5 of the Lair of Beasts)
 Q - a wand of mindburst (21)
   (You found it on level 1 of the Swamp)
 T - a wand of light (6)
   (You took it off Maggie on level 7 of the Dungeon)
Scrolls
 k - 2 scrolls of immolation
 l - 3 scrolls of magic mapping
 r - 8 scrolls of identify
 s - a scroll of enchant armour
 t - 14 scrolls of teleportation
 x - a scroll of brand weapon
 y - 3 scrolls of silence
 z - 3 scrolls of blinking
 G - 3 scrolls of fear
 H - 2 scrolls of vulnerability
 K - 8 scrolls of fog
Potions
 a - 2 potions of berserk rage
 b - 3 potions of attraction
 d - 7 potions of might
 h - 7 potions of haste
 m - 3 potions of ambrosia
 n - 2 potions of resistance
 q - 11 potions of curing
 u - 8 potions of mutation
 w - 3 potions of heal wounds
 A - 2 potions of invisibility
 B - 5 potions of cancellation
 C - 3 potions of magic
 D - 4 potions of flight
Miscellaneous
 F - a condenser vane
   (You found it on level 5 of the Lair of Beasts)


   Skills:
 + Level 20.7 Fighting
 - Level 19.4 Axes
 + Level 19.1 Armour
 + Level 18.5 Shields
 - Level 11.0 Invocations
 - Level 5.0 Evocations


You had 18 spell levels left.
You didn't know any spells.
Your spell library was empty.

Dungeon Overview and Level Annotations

Branches:
Dungeon (15/15)            Temple (1/1) D:7            Lair (5/5) D:9
  Swamp (4/4) Lair:3        Snake (4/4) Lair:3        Slime (0/5) Lair:4
    Orc (2/2) D:12            Elf (0/3) Orc:2        Vaults (1/5) D:13
 Depths (0/4) D:15          IceCv (visited)         Volcano (visited)

Altars:
Ashenzari
Cheibriados
Dithmenos
Elyvilon
Fedhas
Gozag
Hepliaklqana
Kikubaaqudgha
Makhleb
Nemelex Xobeh
Okawaru
Qazlal
Ru
Sif Muna
Trog
Uskayaw
Vehumet
Wu Jian
Xom
Yredelemnul
Zin
The Shining One
Beogh
Jiyva

Shops:
D:7 (   D:9 (*   D:13 (   Orc:2 (:([*   Snake:1 ?*   Snake:4 (

Annotations:
D:13 exclusion: obsidian statue
Lair:5 exclusion: obsidian statue
Snake:3 Aizul; Nikola
Orc:2 3 runed translucent doors, bmj180's ghost, journeyman GrEE


Message History

The ice devil seems to grow stronger.
The deep elf demonologist casts a spell.
The ironbound convoker points at the yaktaur captain and mumbles some strange words.
The yaktaur captain seems to grow stronger.
The yaktaur captain shoots a bolt.
You reflect the bolt off an invisible shield around you!
The bolt hits the yaktaur captain!
The war gargoyle hits you but does no damage.
You hit the war gargoyle but do no damage.
The war gargoyle is heavily damaged.
The red devil disappears in a puff of smoke!
The war gargoyle hits you but does no damage.
The yaktaur captain shoots a bolt.
You reflect the bolt off an invisible shield around you!
The bolt hits the yaktaur captain.
You hit the war gargoyle.
The war gargoyle is heavily damaged.
You hit the Ice Fiend but do no damage. You block the war gargoyle's attack.
You slash the war gargoyle! You burn the war gargoyle.
The war gargoyle is severely damaged.
You hit the Ice Fiend but do no damage. You block the Ice Fiend's attack. x2
The war gargoyle launches metal splinters at you.
The spray of metal splinters hits you but does no damage.
You hear an angry hiss.
You slash the war gargoyle! You burn the war gargoyle.
You destroy the war gargoyle!
Okawaru accepts your kill.
You hit the Ice Fiend but do no damage. You block the Ice Fiend's attack.
The Ice Fiend barely misses you.
You hit the Ice Fiend but do no damage.
The deep elf demonologist casts a spell.
The ironbound convoker casts a spell at the hellion.
The hellion seems to grow stronger.
You block the Ice Fiend's attack. x2
You slash the Brimstone Fiend!
The Brimstone Fiend is lightly wounded.
You hit the Ice Fiend but do no damage. You block the Brimstone Fiend's attack.
The Brimstone Fiend hits you.
The Brimstone Fiend hits you but does no damage.
You hit the Brimstone Fiend.
The Brimstone Fiend is lightly wounded.
You hit the Ice Fiend but do no damage. You block the Ice Fiend's attack.
The Ice Fiend claws you but does no damage.
The Brimstone Fiend hits you but does no damage. x2
You block the Brimstone Fiend's attack.
You hit the Brimstone Fiend.
The Brimstone Fiend is lightly wounded.
You slash the Ice Fiend! You burn the Ice Fiend!
You block the Ice Fiend's attack. The Ice Fiend closely misses you.
You slice the Ice Fiend!! You burn the Ice Fiend.
The Ice Fiend is heavily wounded.
You slash the Brimstone Fiend!
The deep elf demonologist seems less brilliant.
You block the Brimstone Fiend's attack.
The Brimstone Fiend hits you but does no damage.
The Brimstone Fiend hits you.
The ironbound convoker points at the deep elf demonologist and mumbles some strange words.
The deep elf demonologist seems to grow stronger.
The Ice Fiend claws you! The Ice Fiend freezes you!!!
You block the Ice Fiend's attack.
You are too injured to fight recklessly!
You are too injured to fight recklessly!
Okay, then.
As you read the scroll of teleportation, it crumbles to dust.
You feel strangely unstable.
The Brimstone Fiend calls on the powers of darkness!
Your body is wracked with pain!
* * * LOW HITPOINT WARNING * * *
The deep elf demonologist convulses!
The yaktaur captain convulses!
The Ice Fiend gestures at you. The bolt of cold hits you!!
* * * LOW HITPOINT WARNING * * *
You feel much better. The Brimstone Fiend hits you!!
* * * LOW HITPOINT WARNING * * *
The Brimstone Fiend hits you but does no damage.
You block the Brimstone Fiend's attack.
The ironbound convoker casts a spell at something.
The Ice Fiend calls on the powers of darkness!
Your body is wracked with pain!
* * * LOW HITPOINT WARNING * * *
The yaktaur captain convulses!
The ironbound convoker convulses!
You feel much better. You block the Brimstone Fiend's attack.
The Brimstone Fiend hits you but does no damage. x2
The Ice Fiend claws you but does no damage. x2
The smoke demon gestures at you. Something smites you!
* * * LOW HITPOINT WARNING * * *
You feel much better.
The Brimstone Fiend hits you but does no damage.
You block the Brimstone Fiend's attack.
The Brimstone Fiend hits you but does no damage.
The ironbound convoker casts a spell at the smoke demon.
The smoke demon seems to grow stronger.
The Ice Fiend claws you!
* * * LOW HITPOINT WARNING * * *
The Ice Fiend freezes you!!
* * * LOW HITPOINT WARNING * * *
The Ice Fiend closely misses you. The smoke demon gestures at you.
The ball of steam hits the Brimstone Fiend.
The Brimstone Fiend resists.
The ball of steam hits you!!
You die...

.[.##.##...
.......... #
#.#...#.###
..#.......#.
8.....8..2.
#.....4c#
###.#.pe#1###
#.....431@).#
....##.##.)..#
. #...#....#
#.8.##..?#
#...# ####
##''######
#.......#
#########+#
#.^.....#
#..........
#.......#
#..........


You could see a Brimstone Fiend (summoned, strong), an Ice Fiend (summoned,
strong), a yaktaur captain (strong), a deep elf demonologist (strong), an
ironbound convoker (strong, empowered), an ice devil (summoned, strong), a smoke
demon (summoned, strong), a hellion (summoned, strong) and a chaos spawn
(summoned).

Vanquished Creatures
  Saint Roka (Snake:3)
  Gastronok (Lair:3)
  Agnes (Snake:4)
  Donald (Swamp:4)
  9 nagarajas
  A fire giant (D:15)
  An orc warlord (Orc:2)
  2 vault wardens (Vaults:1)
  5 ironbound preservers (Vaults:1)
  A war gargoyle (Vaults:1)
  A reaper (IceCv)
  Nessos (D:15)
  2 ironbound thunderhulks (Vaults:1)
  3 eleionomae
  Azrael (D:14)
  7 dire elephants
  4 bunyips
  Snorg (Lair:4)
  A yaktaur captain (Vaults:1)
  A deep elf high priest (Vaults:1)
  An entropy weaver (shapeshifter) (D:14)
  3 vault guards (Vaults:1)
  Fannar (D:12)
  19 hydras
  12 centaur warriors
  Erica (D:8)
  11 anacondas
  3 two-headed ogres
  A catoblepas (Lair:5)
  A death knight (D:14)
  2 dancing weapons (D:13)
  5 boulder beetles
  4 alligators
  11 death yaks
  13 naga warriors
  12 naga sharpshooters
  3 orc high priests (Orc:2)
  Sonja (D:13)
  11 shock serpents
  A salamander mystic (Snake:3)
  A spectral death yak (Lair:5)
  4 goliath frogs
  A spectral anaconda (Lair:5)
  12 swamp dragons
  6 deep trolls (Vaults:1)
  A skyshark (Lair:2)
  9 spriggan druids
  A bog body (Swamp:3)
  4 ironbound convokers (Vaults:1)
  A wizard (Vaults:1)
  7 naga ritualists
  3 orc knights
  A deep elf pyromancer (D:15)
  4 necromancers (Lair:5)
  6 mana vipers
  7 lindwurms
  8 harpies (Vaults:1)
  An orc sorcerer (Orc:2)
  A deep elf zephyrmancer (D:12)
  2 will-o-the-wisps
  12 ugly things
  A manticore (D:13)
  10 salamanders
  5 cyclopes
  15 elephants
  Joseph (D:9)
  2 ice statues (IceCv)
  7 guardian serpents
  12 naga magi
  40 black mambas
  3 vault sentinels (Vaults:1)
  3 gargoyles
  15 cane toads
  A dire elephant zombie (Lair:5)
  2 torpor snails
  2 rime drakes
  Maggie (D:7)
  2 unseen horrors
  Psyche (D:9)
  3 kobold demonologists
  An efreet (D:14)
  11 yaktaurs
  An anaconda simulacrum (IceCv)
  5 komodo dragons
  7 ice devils (IceCv)
  2 polar bears
  10 trolls
  16 tyrant leeches
  7 hornets
  12 blink frogs
  Prince Ribbit (D:8)
  A dream sheep (shapeshifter) (D:12)
  3 spectral elephants (Lair:5)
  5 slime creatures
  A spriggan (shapeshifter) (D:13)
  9 spriggans
  Sigmund (D:2)
  A centaur simulacrum (D:12)
  A shadow (D:13)
  A vampire (D:12)
  3 wyverns
  3 wraiths
  3 steam dragons
  39 yaks
  Grum (D:8)
  3 death yak simulacra
  3 fire elementals (D:14)
  4 basilisks
  6 fire bats
  5 vampire mosquitoes
  A harpy simulacrum (IceCv)
  2 spectral cane toads (Lair:5)
  5 wargs
  14 swamp worms
  34 nagas
  A hydra simulacrum (IceCv)
  An acid dragon (D:11)
  12 water moccasins
  5 hell hounds
  44 orc warriors
  4 swamp drakes (Swamp:4)
  2 black bears
  3 sky beasts
  2 ice beasts (D:7)
  An elephant zombie (Lair:5)
  7 ogres
  8 wolves
  3 boggarts (D:14)
  6 centaurs
  2 elephant skeletons (Lair:5)
  8 kobold brigands
  11 bullfrogs
  3 necrophages
  3 scorpions (D:6)
  4 cane toad simulacra (Lair:5)
  A two-headed ogre simulacrum (IceCv)
  9 wights (D:8)
  3 elephant simulacra (IceCv)
  4 killer bees (D:10)
  2 electric eels
  14 howler monkeys
  A crimson imp (D:13)
  4 hounds
  3 lava snakes (Lair:3)
  A quasit (D:13)
  25 orc priests
  3 gnoll boudas
  A jelly (D:8)
  Crazy Yiuf (D:7)
  6 iguanas
  Ijyb (D:4)
  25 orc wizards
  14 hell rats
  A polar bear simulacrum (IceCv)
  A spriggan simulacrum (IceCv)
  3 troll simulacra (IceCv)
  A wolf simulacrum (IceCv)
  Robin (D:2)
  7 gnolls
  A naga simulacrum (IceCv)
  5 adders
  A river rat (D:9)
  A shadow imp (D:6)
  6 white imps
  8 ufetubi
  2 worms (D:4)
  3 dart slugs
  129 orcs
  7 ball pythons
  8 bats
  10 endoplasms
  3 giant cockroaches
  13 goblins
  6 hobgoblins
  5 quokkas
  4 frilled lizards
  27 kobolds
  4 rats
1106 creatures vanquished.

Vanquished Creatures (others)
  An eleionoma (Swamp:2)
  An alligator (Swamp:4)
  2 wizards
  A deep elf pyromancer (D:12)
  A vault sentinel (Vaults:1)
  2 bloated husks
  A centaur (Volcano)
  A kobold brigand (D:11)
  An orc wizard (Snake:3)
  An ufetubus (D:13)
  A kobold (D:6)
  18 foxfires
  21 fungi
  25 plants
  27 withered plants (Lair:5)
104 creatures vanquished.

Grand Total: 1210 creatures vanquished

Notes
Turn   | Place    | Note
-------+----------+-------------------------------------------
     0 | D:1      | Flugslaktarn the Hill Orc Fighter began the quest for the
                  | Orb.
     0 | D:1      | Reached XP level 1. HP: 19/19 MP: 1/1
   284 | D:1      | Reached XP level 2. HP: 26/27 MP: 2/2
  1002 | D:2      | Reached skill level 4 in Fighting
  1127 | D:2      | Noticed Robin
  1130 | D:2      | Reached XP level 3. HP: 28/32 MP: 3/3
  1156 | D:2      | Reached XP level 4. HP: 38/40 MP: 4/4
  1159 | D:2      | Killed Robin
  1262 | D:2      | Noticed Sigmund
  1279 | D:2      | Killed Sigmund
  1280 | D:2      | Reached skill level 5 in Fighting
  1280 | D:2      | Reached XP level 5. HP: 29/48 MP: 5/5
  1280 | D:2      | Reached XP level 6. HP: 34/56 MP: 6/6
  2472 | D:4      | Noticed Ijyb
  2479 | D:4      | Killed Ijyb
  2729 | D:4      | Reached skill level 5 in Armour
  2729 | D:4      | Reached XP level 7. HP: 6/61 MP: 7/7
  3504 | D:5      | Entered Level 5 of the Dungeon
  3773 | D:5      | Found a sparkling altar of Nemelex Xobeh.
  4190 | D:5      | Reached skill level 6 in Fighting
  4190 | D:5      | Reached skill level 1 in Evocations
  4806 | D:6      | Reached XP level 8. HP: 62/70 MP: 8/8
  5292 | D:6      | Found a glowing golden altar of the Shining One.
  5295 | D:6      | Found a glowing silver altar of Zin.
  5513 | D:6      | Reached skill level 7 in Fighting
  5621 | D:6      | Found a white marble altar of Elyvilon.
  5648 | D:6      | Noticed a troll
  5659 | D:6      | Killed a troll
  5660 | D:6      | Reached skill level 10 in Axes
  5660 | D:6      | Reached XP level 9. HP: 52/79 MP: 9/9
  6085 | D:6      | Noticed a cyclops
  6085 | D:6      | Noticed a kobold demonologist
  6250 | D:6      | Killed a cyclops
  6251 | D:6      | Reached skill level 8 in Fighting
  6279 | D:6      | Noticed an ice devil
  6281 | D:6      | Killed a kobold demonologist
  6479 | D:7      | Reached XP level 10. HP: 90/90 MP: 10/10
  6502 | D:7      | Found a staircase to the Ecumenical Temple.
  6516 | Temple   | Entered the Ecumenical Temple
  6749 | Temple   | Became a worshipper of Warmaster Okawaru
  6785 | D:7      | Reached skill level 5 in Evocations
  6823 | D:7      | Noticed Maggie
  6850 | D:7      | Killed Maggie
  6851 | D:7      | Reached skill level 1 in Invocations
  7059 | D:7      | Reached * piety under Okawaru
  7071 | D:7      | Found an opulent altar of Gozag.
  7314 | D:7      | Found Rabluoph's Weapon Shoppe.
  7365 | D:7      | Found a shimmering altar of Xom.
  7371 | D:7      | Found a broken altar of Ashenzari.
  7374 | D:7      | Found a shadowy altar of Dithmenos.
  7376 | D:7      | Found a bloodstained altar of Trog.
  7381 | D:7      | Found a sacrificial altar of Ru.
  7651 | D:7      | Found a runed translucent door.
  7652 | D:7      | Noticed Crazy Yiuf
  7658 | D:7      | Killed Crazy Yiuf
  7708 | D:8      | Noticed Prince Ribbit
  7710 | D:8      | Reached skill level 9 in Fighting
  7725 | D:8      | Reached ** piety under Okawaru
  7731 | D:8      | Killed Prince Ribbit
  8116 | D:8      | Noticed Grum
  8134 | D:8      | Killed Grum
  8277 | D:8      | Reached *** piety under Okawaru
  8293 | D:8      | Reached XP level 11. HP: 8/99 MP: 14/14
  8558 | D:8      | Reached skill level 5 in Invocations
  8681 | D:8      | Noticed Erica
  8697 | D:8      | Killed Erica
  8698 | D:8      | Reached skill level 10 in Fighting
  8698 | D:8      | Noticed a cyclops
  8706 | D:8      | Killed a cyclops
  8832 | D:8      | Reached **** piety under Okawaru
  9070 | D:8      | Identified a scroll of acquirement
  9070 | D:8      | Acquired 719 gold pieces
  9222 | D:9      | Noticed Psyche
  9237 | D:9      | Killed Psyche
  9378 | D:9      | Noticed Joseph
  9411 | D:9      | Reached skill level 15 in Axes
  9416 | D:9      | Killed Joseph
  9416 | D:9      | Received a gift from Okawaru
  9513 | D:9      | Found Essylasm's Weapon Emporium.
  9537 | D:9      | Found Suik's Assorted Antiques.
  9549 | D:9      | Noticed a death yak
  9552 | D:9      | Noticed a death yak
  9554 | D:9      | Noticed a death yak
  9567 | D:9      | Killed a death yak
  9567 | D:9      | Reached ***** piety under Okawaru
  9572 | D:9      | Killed a death yak
  9572 | D:9      | Received a gift from Okawaru
  9574 | D:9      | Killed a death yak
  9575 | D:9      | Reached skill level 10 in Armour
  9648 | D:9      | Found a staircase to the Lair.
  9801 | D:9      | Found a radiant altar of Vehumet.
  9810 | D:9      | Found a snail-covered altar of Cheibriados.
  9837 | D:10     | Entered Level 10 of the Dungeon
  9899 | D:10     | Reached skill level 11 in Fighting
 10168 | D:10     | Reached XP level 12. HP: 95/110 MP: 17/17
 10213 | D:10     | Identified the +10 bardiche of Hospitality {pain, rF+ Will+
                  | Str+3}
 10231 | D:10     | Paralysed by a hornet for 3 turns
 11123 | D:11     | You fall into a shaft and drop 2 floors!
 11123 | D:13     | Found Aprel's Antique Weapon Emporium.
 11207 | D:13     | Noticed an eight-headed hydra
 11212 | D:13     | Killed a ten-headed hydra
 11235 | D:13     | Found a roughly hewn altar of Beogh.
 11517 | D:13     | Identified the +0 pair of boots "Bafy" {rPois rN+} (Okawaru
                  | gifted it to you on level 13 of the Dungeon)
 11517 | D:13     | Received a gift from Okawaru
 11523 | D:13     | Found a gate to the Vaults.
 11570 | D:12     | Identified the +7 sling of Destiny {freeze, rN+ Str+5}
 11609 | D:12     | Noticed Fannar
 11650 | D:11     | Found a basalt altar of Yredelemnul.
 11817 | D:11     | Noticed a centaur warrior
 11830 | D:11     | Killed a centaur warrior
 12262 | Lair:1   | Entered Level 1 of the Lair of Beasts
 12412 | Lair:1   | Reached skill level 12 in Fighting
 13120 | Lair:2   | Noticed a death yak
 13120 | Lair:2   | Noticed a death yak
 13120 | Lair:2   | Noticed a death yak
 13121 | Lair:2   | Noticed a death yak
 13121 | Lair:2   | Noticed a death yak
 13121 | Lair:2   | Noticed a six-headed hydra
 13122 | Lair:2   | Noticed a death yak
 13135 | Lair:2   | Killed a death yak
 13136 | Lair:2   | Reached XP level 13. HP: 118/118 MP: 13/20
 13151 | Lair:1   | Reached skill level 10 in Invocations
 14197 | Lair:3   | Found a staircase to the Swamp.
 14498 | Lair:3   | Found a staircase to the Snake Pit.
 14619 | Lair:3   | Reached skill level 13 in Fighting
 14808 | Lair:3   | Found a frozen archway.
 14820 | IceCv    | Entered an ice cave
 15280 | IceCv    | Identified the +3 buckler of the Furies {Int+4 Dex+2}
                  | (Okawaru gifted it to you in an ice cave)
 15280 | IceCv    | Received a gift from Okawaru
 15376 | IceCv    | HP: 2/122 [ice devil (11)]
 15672 | IceCv    | Noticed a reaper
 15693 | IceCv    | Killed a reaper
 16070 | Lair:3   | Noticed Gastronok
 16087 | Lair:3   | Killed Gastronok
 16088 | Lair:3   | Reached XP level 14. HP: 122/129 MP: 22/22
 16480 | Lair:4   | Reached skill level 5 in Shields
 16480 | Lair:4   | Noticed Snorg
 16489 | Lair:4   | Killed Snorg
 16548 | Lair:4   | Found a dark tunnel.
 16557 | Volcano  | Entered a volcano
 16914 | Lair:4   | Found a staircase to the Slime Pits.
 16915 | Lair:4   | Found a viscous altar of Jiyva.
 17061 | Lair:4   | Reached skill level 14 in Fighting
 17443 | Lair:5   | Entered Level 5 of the Lair of Beasts
 18156 | Lair:5   | Identified the +6 plate armour "Fegays" {Will++} (Okawaru
                  | gifted it to you on level 5 of the Lair of Beasts)
 18156 | Lair:5   | Received a gift from Okawaru
 18363 | Lair:5   | Noticed a dire elephant
 18363 | Lair:5   | Noticed a dire elephant
 18363 | Lair:5   | Noticed a dire elephant
 18659 | Lair:5   | Reached XP level 15. HP: 119/139 MP: 23/23
 18809 | Lair:5   | Reached skill level 15 in Fighting
 18811 | Lair:5   | Reached skill level 10 in Shields
 19202 | D:12     | Killed Fannar
 19341 | D:12     | Found the +11 plutonium sword {Contam Stlth-}
 19481 | D:12     | Identified the +3 war axe "Sopseg" {drain, rPois rN++ Int-4
                  | SInv}
 19791 | D:12     | Found a staircase to the Orcish Mines.
 19989 | D:12     | Identified the +5 dagger "Loopy" {holy, *Rage Int+6}
 20308 | D:13     | Noticed Sonja
 20316 | D:13     | Killed Sonja
 20473 | D:13     | Identified the +3 rapier of Amoa {vamp, rC+ Str+4 Stlth+}
 20797 | D:14     | Received a gift from Okawaru
 21357 | D:14     | Noticed Azrael
 21386 | D:14     | Killed Azrael
 22020 | D:15     | Entered Level 15 of the Dungeon
 22069 | D:15     | Noticed a fire giant
 22082 | D:15     | Killed a fire giant
 22112 | D:15     | Reached skill level 16 in Fighting
 22340 | D:15     | Noticed Nessos
 22344 | D:15     | Killed Nessos
 22447 | D:15     | Found a sacrificial altar of Ru.
 22690 | D:15     | Found a staircase to the Depths.
 23039 | D:15     | Acquired 966 gold pieces
 23141 | Orc:1    | Entered Level 1 of the Orcish Mines
 23355 | Orc:2    | Entered Level 2 of the Orcish Mines
 23356 | Orc:2    | Found Waetom's Book Shop.
 23371 | Orc:2    | Found a roughly hewn altar of Beogh.
 23378 | Orc:2    | Found a staircase to the Elven Halls.
 23441 | Orc:2    | Found a roughly hewn altar of Beogh.
 23457 | Orc:2    | Found a roughly hewn altar of Beogh.
 23505 | Orc:2    | Found a runed translucent gate.
 23505 | Orc:2    | Found a runed translucent gate.
 23505 | Orc:2    | Found an opulent altar of Gozag.
 23505 | Orc:2    | Found a runed translucent gate.
 23506 | Orc:2    | Noticed bmj180's ghost (journeyman GrEE)
 23646 | Orc:2    | Reached XP level 16. HP: 151/151 MP: 24/24
 23764 | Orc:2    | Received a gift from Okawaru
 23900 | Orc:2    | Found a roughly hewn altar of Beogh.
 24016 | Orc:2    | Found Qeutorr's Antique Armour Shop.
 24021 | Orc:2    | Found a roughly hewn altar of Beogh.
 24034 | Orc:2    | Reached skill level 15 in Armour
 24166 | Orc:2    | Found Jototayp's Antique Weapon Boutique.
 24175 | Orc:2    | Bought a glowing cloak for 217 gold pieces
 24252 | Orc:2    | Found a roughly hewn altar of Beogh.
 24296 | Orc:2    | Found a roughly hewn altar of Beogh.
 24331 | Orc:2    | Found a roughly hewn altar of Beogh.
 24405 | Orc:2    | Found a roughly hewn altar of Beogh.
 24423 | Orc:2    | Found Xebouc's Weapon Shop.
 24490 | Orc:2    | Found a roughly hewn altar of Beogh.
 24504 | Orc:2    | Found Afankump's General Store.
 24512 | Orc:2    | Bought a scroll of blinking for 120 gold pieces
 24512 | Orc:2    | Bought a scroll of enchant armour for 120 gold pieces
 25113 | Snake:1  | Entered Level 1 of the Snake Pit
 25141 | Snake:1  | Noticed a nagaraja
 25142 | Snake:1  | Found Levu's Assorted Antiques.
 25142 | Snake:1  | Found Furanera's Magic Scroll Boutique.
 25150 | Snake:1  | Killed a nagaraja
 25301 | Snake:1  | Bought a scroll of enchant armour for 120 gold pieces
 25956 | Snake:1  | Identified the +6 ring mail "Tuqet" {rElec rPois Int-4
                  | Slay+5}
 26800 | Snake:2  | Reached skill level 17 in Fighting
 27165 | Snake:2  | Received a gift from Okawaru
 27349 | Snake:2  | You fall into a shaft and drop 1 floor!
 27371 | Snake:3  | Noticed Saint Roka
 27392 | Snake:4  | Entered Level 4 of the Snake Pit
 27458 | Snake:4  | Reached skill level 15 in Shields
 28082 | Snake:4  | Reached XP level 17. HP: 123/162 MP: 25/25
 28156 | Snake:4  | Noticed Agnes
 28167 | Snake:4  | Killed Agnes
 28167 | Snake:4  | Received a gift from Okawaru
 28974 | Snake:4  | Received a gift from Okawaru
 29345 | Snake:4  | Reached skill level 18 in Fighting
 29700 | Snake:4  | Got a serpentine rune of Zot
 29752 | Snake:4  | Received a gift from Okawaru
 29872 | Snake:4  | Found Rebredil's Firing Range.
 30031 | Snake:3  | Noticed Nikola
 30031 | Snake:3  | Noticed Aizul
 30231 | Snake:3  | Killed Saint Roka
 30451 | Snake:3  | Found a basalt altar of Yredelemnul.
 30675 | Swamp:1  | Entered Level 1 of the Swamp
 30993 | Swamp:1  | Reached XP level 18. HP: 105/174 MP: 26/26
 30997 | Swamp:1  | Reached skill level 19 in Fighting
 33283 | Swamp:4  | Entered Level 4 of the Swamp
 33440 | Swamp:4  | Noticed Donald
 33463 | Swamp:4  | Killed Donald
 33975 | Swamp:4  | Got a decaying rune of Zot
 34174 | Swamp:4  | Identified the +3 scale mail of Cocytus {rCorr SInv}
 34385 | Vaults:1 | Entered Level 1 of the Vaults
 34405 | Vaults:1 | Reached skill level 20 in Fighting
 34633 | Vaults:1 | Identified the +2 robe of Xuhyreor {Rampage rPois rCorr
                  | Int-4} (Okawaru gifted it to you on level 1 of the Vaults)
 34633 | Vaults:1 | Received a gift from Okawaru
 35082 | Vaults:1 | Reached XP level 19. HP: 171/187 MP: 27/27
 35662 | Vaults:1 | Noticed a Brimstone Fiend
 35664 | Vaults:1 | Noticed an Ice Fiend
 35677 | Vaults:1 | HP: 6/187 [Brimstone Fiend[a deep elf demonologist] (27)]
 35679 | Vaults:1 | Killed from afar by a smoke demon

Illustrated notes

Levels and vault maps discovered:
D:1:      dpeg_arrival_simpleton_a, layout_basic
D:2:      layout_loops_ring, uniq_sigmund, uniq_robin
D:3:      layout_rooms, st_stairs_6, wander_ebering_terrifying_dragon_lair
D:4:      layout_loops_ring, uniq_ijyb
D:5:      layout_basic, mainiacjoe_overflow_cross_hatched
D:6:      layout_loops_ring, good_gods_mini_temple, minmay_divided_ellipse
D:7:      layout_cave_pools, nicolae_overflow_hallway_of_the_gods,
          minmay_temple_entry_mist, serial_shops, nicolae_lakefront_shop,
          dreamdust_mushroom_princess, uniq_crazy_yiuf_cottage, uniq_maggie
D:8:      layout_loops_corners, uniq_grum, uniq_prince_ribbit1, uniq_erica
D:9:      layout_basic, mainiacjoe_overflow_swirl, dpeg_lair_monsters,
          serial_shops, nicolae_shop_bloodbath_and_beyond,
          nicolae_stop_n_shop_1, uniq_joseph, uniq_psyche
D:10:     layout_gridville, chequers_jeans, solitary_fountain
D:11:     layout_gridville, yredelemnul_altar_generic
D:12:     minmay_ornate_pinched, layout_irregular_city, hiddenorc2_lemuel,
          dreamdust_princess_bridge, uniq_fannar
D:13:     kennysheep_kobold_grotto, layout_basic, erik_vaults_1,
          gauntlet_entry_generic, special_room [special_room_orc], serial_shops,
          nicolae_shop_waterfront, uniq_sonja
D:14:     layout_big_octagon, uniq_azrael
D:15:     grunt_enter_depths_giant_problem, layout_loops_corners,
          minmay_splitting_lines, nicolae_ru_path_of_blood, uniq_nessos
Temple:   dpeg_chambers_temple
Lair:1:   layout_regular_city, serial_bayou_shore_b
Lair:2:   layout_long_grid, lemuel_fruit_tree, grunt_megastairs_2,
          serial_bayou_shore_b, infiniplex_staircase_pool
Lair:3:   layout_cave_pods, swamp_mist_pool, nicolae_snake_entry_warm_welcome,
          portal_ice_cave_entry_pillars_2, chequers_serial_rivers_micro_d,
          uniq_gastronok
Lair:4:   layout_cave_pods, slime_entry_1, nicolae_volcano_entry_batcave,
          minivault_27, dreamdust_gnoll_shepherd, uniq_snorg
Lair:5:   due_jungle_book, layout_gridlike, infiniplex_staircase_pool_2,
          grunt_megastairs_5, serial_bayou_shore_b
Swamp:1:  layout_basic_swamp, evilmike_swamp_ruin_rubble_1, swamp_pool3
Swamp:2:  layout_falls_marsh, hangedman_swamp_ruin_wall
Swamp:3:  layout_basic_swamp, nicolae_swamp_small_spring
Swamp:4:  swamp_alternative, layout_basic_swamp, uniq_donald
Snake:1:  layout_grid_shapes, fake_guardian_serpent_vault, minmay_shoptagon
Snake:2:  layout_grid_maze, nicolae_snake_omega
Snake:3:  layout_honeycomb, basic_altar, grunt_megastairs_1, uniq_saint_roka,
          uniq_nikola, uniq_aizul
Snake:4:  grunt_snake_rune_serpentine_throne, layout_cave_town,
          nicolae_shop_firing_range, uniq_agnes
Orc:1:    layout_caves
Orc:2:    grunt_orc_community_town_hall, layout_caves,
          grunt_orc_community_big_house_2, grunt_orc_community_big_house_2,
          grunt_orc_community_house_2, grunt_orc_community_house_3,
          grunt_orc_community_house_1, grunt_orc_community_house_2,
          grunt_orc_community_house_3, grunt_orc_community_house_1,
          ebering_ghost_gozag, basic_altar, serial_shops,
          nicolae_shop_hallway_plus
Vaults:1: v_misc_3, ontoclasm_vaults_decontamination,
          vaults_room_grunt_arrival_ludios, v_pattern_3, v_misc_11,
          vaults_room_door_ring, nicolae_vaults_little_squares_6,
          hangedman_vaults_hard_town_square, layout_vaults_ring,
          nicolae_trove_entry_diagonal

Skill      XL: |  1  2  3  4  5  6  7  8  9 10 11 12 13 14 15 16 17 18 19 |
---------------+----------------------------------------------------------+-----
Axes           | 3 4 6 7 8 10 12 13 15 17 19 | 19.4
Fighting       | 4 5 6 7 8 9 11 12 13 14 16 17 18 20 | 20.7
Armour         | 4 5 6 7 8 10 11 12 13 14 16 17 18 19 | 19.1
Evocations     | 1 3 4 5 |  5.0
Invocations    | 4 7 9 11 | 11.0
Shields        | 4 9 12 15 16 18 | 18.5

Action                     |  1- 3 |  4- 6 |  7- 9 | 10-12 | 13-15 | 16-18 | 19-21 || total
---------------------------+-------+-------+-------+-------+-------+-------+-------++-------
  Melee: War axe           |    86 |   111 |   269 |    27 |       |       |       ||   493
         Unarmed           |       |    14 |       |       |       |       |       ||    14
         Broad axe         |       |       |       |   530 |  1247 |  1459 |   120 ||  3356
 Invoke: Heroism           |       |       |       |     5 |    16 |    29 |     2 ||    52
         Finesse           |       |       |       |     2 |     4 |     6 |       ||    12
  Evoke: Wand              |       |       |     1 |     5 |     2 |     2 |       ||    10
         Condenser vane    |       |       |       |       |       |     1 |       ||     1
    Use: Scroll            |       |       |     8 |    11 |     7 |     6 |     1 ||    33
         Potion            |       |       |     4 |     9 |     7 |     2 |     3 ||    25
   Stab: Distracted        |       |       |       |     1 |       |       |       ||     1
         Invisible         |       |       |       |     1 |       |     2 |       ||     3
 Armour: Scale mail        |    59 |    39 |   132 |    29 |       |       |       ||   259
         Skin              |       |     2 |       |       |       |       |       ||     2
         Troll leather arm |       |       |    12 |       |       |       |       ||    12
         Plate armour      |       |       |       |   236 |   544 |   610 |    66 ||  1456
  Dodge: Dodged            |    42 |    58 |   125 |   208 |   468 |   473 |    45 ||  1419
  Block: Buckler           |    22 |    19 |    43 |   160 |   729 |   357 |       ||  1330
         Reflection        |       |       |       |     3 |    31 |   110 |    16 ||   160
         Kite shield       |       |       |       |       |       |  1013 |   134 ||  1147

Table legend: (Time is in decaauts)
 A = Elapsed time spent in this place.
 B = Non-inter-level travel time spent in this place.
 C = Inter-level travel time spent in this place.
 D = Time resting spent in this place.
 E = Time spent auto-exploring this place.
 F = Levels seen in this place.
 G = Mean time per level.
                   A        B        C        D        E       F      G
               +--------+--------+--------+--------+--------+-----+--------+
         Total |  35183 |  33506 |   1677 |   5141 |  22014 |  34 | 1034.8 |
       Dungeon |  16056 |  15165 |    891 |   2050 |  10407 |  15 | 1070.4 |
        Temple |    247 |    205 |     42 |      0 |    194 |   1 |  247.0 |
          Lair |   5705 |   5337 |    368 |    304 |   4072 |   5 | 1141.0 |
         Swamp |   3668 |   3552 |    116 |    641 |   2259 |   4 |  917.0 |
     Snake Pit |   5328 |   5147 |    181 |   1406 |   2702 |   4 | 1332.0 |
  Orcish Mines |   1769 |   1691 |     78 |      0 |   1361 |   2 |  884.5 |
        Vaults |   1238 |   1238 |      0 |    161 |    806 |   1 | 1238.0 |
      Ice Cave |    948 |    948 |      0 |    557 |     84 |   1 |  948.0 |
       Volcano |    221 |    221 |      0 |     22 |    127 |   1 |  221.0 |
               +--------+--------+--------+--------+--------+-----+--------+

Top non-repeatable levels by time:
 Snake:4: 2717 daAuts
     D:6: 1785 daAuts
  Lair:5: 1512 daAuts
    D:10: 1423 daAuts
 Swamp:3: 1306 daAuts
     D:5: 1240 daAuts
Vaults:1: 1238 daAuts
    D:12: 1232 daAuts
     D:8: 1230 daAuts
  Lair:3: 1228 daAuts
   Orc:2: 1223 daAuts
 Snake:2: 1184 daAuts
  Lair:1: 1137 daAuts
    D:14: 1116 daAuts
     D:7: 1088 daAuts
